Cogmind - Beta 14 @@@ ROGUE MODE // 2024.08.31 @ 20:36:37 Player: THN-L0C Result: Destroyed by 10-KWY(z) with Makeshift Axe Performance ------------- Evolutions (1) 500 Regions Visited (5) 1000 Robots Destroyed (66) 330 Value Destroyed (1538) 1538 Prototype IDs (2) 40 Alien Tech Used (0) 0 Bonus (117) 117 TOTAL SCORE: 3525 Bonus ------- Met Imprinter 300 Friendly Fire -183 Cogmind --------- Core Integrity 0/400 Matter 124/300 Energy 169/170 System Corruption 5% Temperature Cool (0) Movement Walking (280) Ox2 Location -7/Zion Parts ------- > --- POWER (1) -------- Makeshift Power Source > --- PROPULSION (2) --- Makeshift Leg (fused) > --- UTILITY (4) ------ High-capacity Storage Unit Makeshift Trap Scanner Melee Analysis Suite Actuator Array > --- WEAPON (2) ------- Makeshift Axe > --- INVENTORY (20) --- Light Deuterium Engine Makeshift Power Source Makeshift Power Source Carbon-fiber Leg VSS Leg Makeshift Leg Makeshift Leg Makeshift Leg Makeshift Leg Gravmag System Makeshift Hover Unit Cryofiber Web Compact Matter Pod (150) Seismic Detector Improved Trap Extractor (0/6) Makeshift Laser Improved Grenade Launcher Missile Launcher Heavy Missile Launcher Rocket Array Peak State ------------ > --- POWER ------------ Makeshift Power Source > --- PROPULSION ------- Improved Titanium Leg Makeshift Leg > --- UTILITY ---------- High-capacity Storage Unit Makeshift Trap Scanner Melee Analysis Suite Actuator Array > --- WEAPON ----------- Ripper Makeshift Axe > --- INVENTORY -------- Light Deuterium Engine Makeshift Power Source Makeshift Power Source Carbon-fiber Leg VSS Leg Makeshift Leg Makeshift Leg Makeshift Leg Makeshift Leg Gravmag System Makeshift Hover Unit Cryofiber Web Compact Matter Pod Seismic Detector Improved Trap Extractor Makeshift Laser Improved Grenade Launcher Missile Launcher Heavy Missile Launcher Rocket Array [Rating: 40] Favorites ----------- Power Improved Ion Engine Engine Improved Ion Engine Propulsion Advanced Treads Treads Advanced Treads Leg Aluminum Leg Utility High-capacity Storage Unit Device Terrain Scanner Storage High-capacity Storage Unit Processor Melee Analysis Suite Protection Hardened Light Armor Plating Weapon Flak Cannon Energy Gun Shock Rifle Ballistic Gun High-powered Shotgun Ballistic Cannon Flak Cannon Launcher Rocket Array Special Weapon RU-N14's Throwing Claymores Slashing Weapon Ripper Piercing Weapon Makeshift Spear Build | -11 -10 -10 -9 -9 -7 ------- Run | Yrd Mat Min Mat Min Zio Slots Evolved 2 | . . . 2 . . Power . | . . . . . . Propulsion . | . . . . . . Utility 2 | . . . 2 . . Weapon . | . . . . . . Parts Attached 69 | 6 . 13 1 6 43 Power 10 | 1 . 3 . 2 4 Engine 10 | 1 . 3 . 2 4 Core . | . . . . . . Reactor . | . . . . . . Propulsion 13 | 2 . 3 . . 8 Treads 2 | . . 2 . . . Leg 11 | 2 . 1 . . 8 Wheel . | . . . . . . Hover . | . . . . . . Flight . | . . . . . . Utility 17 | 1 . 3 1 4 8 Device 9 | . . 2 1 2 4 Storage 2 | 1 . 1 . . . Processor 3 | . . . . . 3 Hackware . | . . . . . . Protection 3 | . . . . 2 1 Artifact . | . . . . . . Weapon 29 | 2 . 4 . . 23 Energy Gun 3 | 2 . 1 . . . Energy Cannon . | . . . . . . Ballistic Gun 3 | . . 1 . . 2 Ballistic Cannon 1 | . . 1 . . . Launcher 8 | . . 1 . . 7 Special Weapon 6 | . . . . . 6 Impact Weapon . | . . . . . . Slashing Weapon 7 | . . . . . 7 Piercing Weapon 1 | . . . . . 1 Special Melee Weapon . | . . . . . . Unidentified Prototypes 2 | . . . . . 2 Corrupted Parts 1 | . . . . . 1 System Corruption 3 | . . . . . 3 Parts Lost 16 | . . 2 . . 14 Power 2 | . . . . . 2 Propulsion 4 | . . . . . 4 Utility 5 | . . 1 . . 4 Weapon 5 | . . 1 . . 4 Highest Loss Streak 4 | . . 1 . . 4 To Critical Strikes . | . . . . . . Average Slot Usage (%) 97 | . 85 99 78 99 97 Engine 11 | . 14 14 11 11 10 Treads 21 | . . 25 22 22 19 Leg 2 | . 28 2 . . 2 Device 18 | . . 13 12 26 20 Storage 11 | . 14 14 11 11 11 Protection 6 | . . . . 6 10 Energy Gun 1 | . 28 5 . . . Ballistic Gun 6 | . . 10 11 11 3 Ballistic Cannon 7 | . . 10 11 11 5 Launcher 2 | . . 2 . . 2 Special Weapon 3 | . . . . . 6 Slashing Weapon 1 | . . . . . 3 Peak Build Rating 40 | 6 6 22 23 24 40 Average Rating 25 | 4 6 19 22 23 28 On Entrance 13 | . 6 6 22 23 24 Naked Turns . | . . . . . . Heaviest Build 69 | 14 14 55 56 63 69 Greatest Support 42 | 20 20 42 42 42 42 Greatest Overweight (x) 3 | 3 . 2 1 1 2 Average Overweight (x) . | . . . 1 1 1 Largest Inventory Capacity 20 | 8 8 20 20 20 20 Average Capacity 19 | 7 8 19 20 20 20 Most Carried 20 | . 4 20 20 20 20 Average Carried 19 | . 2 18 20 19 19 Final Capacity 20 | 8 8 20 20 20 20 Final Carried 20 | . 4 20 20 20 20 Class Distribution -------------------- 98% | Mutant Dominant Class ---------------- Mutant | -10/Materials Mutant | -10/Mines Mutant | -9/Materials Mutant | -9/Mines Mutant | -7/Zion Resources | -11 -10 -10 -9 -9 -7 ----------- Run | Yrd Mat Min Mat Min Zio Matter Collected 1660 | 175 . 800 60 160 465 Remotely 672 | . . 652 . . 20 Salvage Created 1434 | . . 606 139 170 519 Parts 113 | . . 50 5 14 44 Haulers Intercepted . | . . . . . . Recyclers Shooed . | . . . . . . Parts Field Recycled . | . . . . . . Retrieved Matter . | . . . . . . Parts Self-Destructed . | . . . . . . Prevented . | . . . . . . Kills | -11 -10 -10 -9 -9 -7 ------- Run | Yrd Mat Min Mat Min Zio Combat Hostiles Destroyed 38 | . . 24 2 5 7 Melee 2 | . . . . . 2 Guns 15 | . . 12 . 3 . Cannons 11 | . . 7 2 2 . AOE 10 | . . 5 . . 5 Classes Destroyed 12 | . . 7 2 . 3 Worker 2 | . . 1 1 . . Builder 1 | . . 1 . . . Tunneler 4 | . . 2 . 2 . Recycler 1 | . . . 1 . . Mechanic 1 | . . 1 . . . Swarmer 7 | . . 6 . 1 . Grunt 21 | . . 17 1 3 . Sentry 2 | . . . 1 1 . Zionite 21 | . . . . . 21 Tinkerer 3 | . . . . . 3 Assembled 1 | . . 1 . . . Mutant 6 | . . . . . 6 Best Kill Streak 6 | . . 5 2 3 6 Combat Bots Only 4 | . . 4 1 3 4 Max Kills in Single Turn 4 | . . 3 1 1 4 Gunslinging . | . . . . . . Exploded 3 | . . 2 . . 3 Melee 1 | . . . . . 1 Uniques/NPCs Destroyed 1 | . . . . . 1 Imprinter (-7/Zion) Combat | -11 -10 -10 -9 -9 -7 -------- Run | Yrd Mat Min Mat Min Zio Hostile Shots Fired 267 | . 9 78 13 16 151 Missed 90 | . 4 25 6 3 52 Damage Taken 2842 | . 61 653 119 178 1831 Core 486 | . . 73 . 26 387 Absorbed by Shields . | . . . . . . Core Remaining (%) 85 | 100 . 70 . . . Volleys Fired 118 | . . 52 7 9 50 Largest 2 | . . 2 2 2 1 Hottest 80 | . . 80 69 69 39 Shots Fired 174 | . . 93 13 18 50 Gun 83 | . . 48 6 9 20 Cannon 54 | . . 38 7 9 . Launcher 23 | . . 7 . . 16 Special 14 | . . . . . 14 Kinetic 126 | . . 75 13 18 20 Thermal . | . . . . . . Explosive 33 | . . 7 . . 26 Electromagnetic 15 | . . 11 . . 4 Robot Hit Streak 11 | . . 7 6 4 11 Robot Miss Streak 7 | . . 6 7 6 3 Penetration Max . | . . . . . . Secondary Targets . | . . . . . . Shots Hit Robots 143 | . . 65 13 13 52 Core Hits 129 | . . 59 11 13 46 Critical Kills 1 | . . 1 . . . Critical Parts Destroyed . | . . . . . . Critical Strikes 5 | . . 2 . . 3 Destroy 1 | . . 1 . . . Corrupt 1 | . . 1 . . . Sever 3 | . . . . . 3 Melee Attacks 43 | . . . . . 43 Impact . | . . . . . . Slashing 40 | . . . . . 40 Piercing 3 | . . . . . 3 Sneak Attacks 2 | . . . . . 2 Combat Hostiles . | . . . . . . Follow-up Attacks 3 | . . . . . 3 Damage Inflicted 5770 | . 2 1529 358 271 3610 Guns 985 | . . 603 78 166 138 Cannons 759 | . . 580 102 77 . Explosions 2790 | . . 306 169 . 2315 Melee 954 | . . . . . 954 Ramming 87 | . 2 40 9 28 8 Kinetic 1588 | . . 1027 180 243 138 Thermal 169 | . . . 169 . . Explosive 2503 | . . 306 . . 2197 Electromagnetic 274 | . . 156 . . 118 Impact . | . . . . . . Slashing 1065 | . . . . . 1065 Piercing 84 | . . . . . 84 Highest Corruption 5 | . . . . . 5 Average Corruption 3 | . . . . . 3 Corruption Purged . | . . . . . . Corruption Blocked . | . . . . . . Effects 13 | . . . . . 13 Message Errors 5 | . . . . . 5 Matter Fused 3 | . . . . . 3 Heat Flow Errors 1 | . . . . . 1 Energy Discharges 3 | . . . . . 3 Parts Fused 1 | . . . . . 1 Overload Shots . | . . . . . . Overflow Damage 248 | . . 26 47 . 175 Projectiles 10 | . . . . . 10 Explosions 134 | . . 26 47 . 61 Melee 104 | . . . . . 104 Knockbacks 22 | . . 20 . 2 . Impact . | . . . . . . Kinetic 19 | . . 17 . 2 . Secondary 3 | . . 3 . . . Self-Inflicted Damage 142 | . . 92 . . 50 Shots 5 | . . 3 . . 2 Rammed 14 | . . 9 2 3 . Targets Rammed 20 | . 1 10 2 4 3 Kicked 4 | . 1 . . . 3 Crushed 2 | . . 1 . 1 . Highest Temperature 226 | . . 72 . 105 226 Average Temperature 30 | . . 24 . 65 31 Received Heat Transfer 548 | . 36 218 39 114 141 Siege Activations . | . . . . . . Robots Corrupted . | . . . . . . Combat Hostiles . | . . . . . . Parts Fried . | . . . . . . Impact Corruptions . | . . . . . . Robots Melted . | . . . . . . Combat Hostiles . | . . . . . . Parts Melted 4 | . . . . 3 1 Heat Transferred 100 | . . . 100 . . Parts Sabotaged . | . . . . . . Parts Stolen . | . . . . . . Parts Stripped . | . . . . . . Power Chain Reactions . | . . . . . . Alert | -11 -10 -10 -9 -9 -7 ------- Run | Yrd Mat Min Mat Min Zio Peak Influence 201 | . 15 166 159 201 . Initial 61 | . . 5 27 61 . Average 62 | . 4 65 74 63 . Maximum Alert Level 1 | . . . . 1 . Low Security (%) 98 | 100 100 100 100 93 . Level 1 1 | . . . . 6 . Level 2 . | . . . . . . Level 3 . | . . . . . . Level 4 . | . . . . . . Level 5 . | . . . . . . High Security . | . . . . . . Max Security . | . . . . . . Squads Dispatched 4 | . 1 2 1 . . Investigation 1 | . . 1 . . . Extermination . | . . . . . . Reinforcement 2 | . 1 . 1 . . Assault 1 | . . 1 . . . Garrison . | . . . . . . Intercept . | . . . . . . Searches Triggered . | . . . . . . Construction Impeded . | . . . . . . Haulers Reinforced . | . . . . . . Active Scanning Responses . | . . . . . . Cargo Convoy Interrupts . | . . . . . . Stealth | -11 -10 -10 -9 -9 -7 --------- Run | Yrd Mat Min Mat Min Zio Distress Signals 1 | . . 1 . . . Communications Jammed . | . . . . . . Distress Signals . | . . . . . . Times Spotted 69 | . 4 23 7 6 29 Peak Tracking Total 8 | . 4 3 2 3 8 Tactical Retreats 3 | . . 1 . 1 1 Traps | -11 -10 -10 -9 -9 -7 ------- Run | Yrd Mat Min Mat Min Zio Traps Triggered 1 | . . 1 . . . Indirectly . | . . . . . . Trap Hack Attempts . | . . . . . . Triggered . | . . . . . . Disarmed . | . . . . . . Reprogrammed . | . . . . . . Reused . | . . . . . . Traps Extracted . | . . . . . . Installed . | . . . . . . Triggered . | . . . . . . Machines | -11 -10 -10 -9 -9 -7 ---------- Run | Yrd Mat Min Mat Min Zio Machines Disabled 7 | . . 2 1 . 4 Max in Single Turn 2 | . . 1 1 . 2 Machines Repaired . | . . . . . . Machines Dismantled . | . . . . . . Machines Sabotaged . | . . . . . . Overloaded Fab Kills . | . . . . . . Hacking | -11 -10 -10 -9 -9 -7 --------- Run | Yrd Mat Min Mat Min Zio Machines Accessed 2 | . . 2 . . . Terminals . | . . . . . . Fabricators . | . . . . . . Repair Stations . | . . . . . . Recycling Units . | . . . . . . Scanalyzers . | . . . . . . Garrison Access . | . . . . . . Total Hacks 2 | . . 2 . . . Successful 2 | . . 2 . . . Failed . | . . . . . . Catastrophic . | . . . . . . Database Lockouts . | . . . . . . Manual . | . . . . . . Terminals . | . . . . . . Fabricators . | . . . . . . Repair Stations . | . . . . . . Recycling Units . | . . . . . . Scanalyzers . | . . . . . . Garrison Access . | . . . . . . Terminal Hacks 2 | . . 2 . . . Open Door 2 | . . 2 . . . Fabricator Hacks . | . . . . . . Repair Station Hacks . | . . . . . . Recycling Unit Hacks . | . . . . . . Scanalyzer . | . . . . . . Garrison Access Hacks . | . . . . . . Unauthorized Hacks . | . . . . . . Terminals . | . . . . . . Fabricators . | . . . . . . Repair Stations . | . . . . . . Recycling Units . | . . . . . . Scanalyzers . | . . . . . . Garrison Access . | . . . . . . Data Cores Recovered . | . . . . . . Used . | . . . . . . Hacking Detections . | . . . . . . Full Trace Events . | . . . . . . Feedback Events . | . . . . . . Feedback Blocked . | . . . . . . Robot Schematics Acquired . | . . . . . . Robots Built . | . . . . . . Authchips . | . . . . . . Time . | . . . . . . Total Robot Build Rating . | . . . . . . Part Schematics Acquired . | . . . . . . Parts Built . | . . . . . . Authchips . | . . . . . . Time . | . . . . . . Total Part Build Rating . | . . . . . . Parts Repaired . | . . . . . . Time . | . . . . . . Parts Recycled . | . . . . . . Recycled Matter . | . . . . . . Retrieved Matter . | . . . . . . Retrieved Components . | . . . . . . Parts Scanalyzed . | . . . . . . Part Schematics Acquired . | . . . . . . Parts Damaged . | . . . . . . Bothacking | -11 -10 -10 -9 -9 -7 ------------ Run | Yrd Mat Min Mat Min Zio Used RIF Installer . | . . . . . . Robots Hacked . | . . . . . . Non-combat . | . . . . . . Combat . | . . . . . . Robot Hacks Applied . | . . . . . . Relay Couplers Released . | . . . . . . Fabnet Peak Effective % . | . . . . . . Robots Rewired . | . . . . . . Allies Hacked . | . . . . . . Hacks Repelled . | . . . . . . Allies | -11 -10 -10 -9 -9 -7 -------- Run | Yrd Mat Min Mat Min Zio Total Allies 1 | . . 1 . . . Largest Group 1 | . . 1 . . . Highest-Rated Group 31 | . . 31 . . . Highest-Rated Ally 31 | . . 31 . . . Total Orders . | . . . . . . Ally Attacks 2 | . . 2 . . . Total Damage 43 | . . 43 . . . Kills . | . . . . . . Allies Corrupted . | . . . . . . Allies Melted . | . . . . . . Intel | -11 -10 -10 -9 -9 -7 ------- Run | Yrd Mat Min Mat Min Zio Robot Analysis Total . | . . . . . . Derelict Logs Recovered 4 | . . 1 . 2 1 Drone Launches . | . . . . . . Drone Recoveries . | . . . . . . Exploration | -11 -10 -10 -9 -9 -7 ------------- Run | Yrd Mat Min Mat Min Zio Turns Passed 8787 | 62 120 2450 204 1070 4881 Spaces Moved 3425 | 46 96 839 76 431 1937 Core 11 | 11 . . . . . Treads 3059 | . . 764 76 431 1788 Legs 355 | 35 96 75 . . 149 Wheels . | . . . . . . Hover . | . . . . . . Flight . | . . . . . . Fastest Speed 50 | 50 120 120 237 237 200 Average Speed 230 | 117 120 232 237 237 236 Slowest Speed 280 | 200 120 265 237 237 280 Overloaded Moves . | . . . . . . Propulsion Burnouts . | . . . . . . Robots Hopped . | . . . . . . Cave-ins Triggered . | . . . . . . Exploration Rate (%) 51 | 3 27 96 15 76 89 Regions Visited 5 Branch Regions 3 Pre-discovered Areas 2 | . . . . 2 . Known Exits Taken 1 | . . 1 . . . Unknown Exits Taken 4 | 1 1 . 1 1 . Scrap Searched 5 | . . 2 . . 3 Spaces Dug 1 | . . . . . 1 Terrain Destroyed 91 | . . 44 16 . 31 Melee 1 | . . . . . 1 Projectile 1 | . . . . . 1 AOE 89 | . . 44 16 . 29 Terrain Rammed . | . . . . . . Walls Destroyed . | . . . . . . Machines Disabled . | . . . . . . Actions | -11 -10 -10 -9 -9 -7 --------- Run | Yrd Mat Min Mat Min Zio Total 4049 | 51 100 1232 85 464 2117 Wait 314 | . . 296 . . 18 Move 3420 | 45 95 838 75 430 1937 Hop . | . . . . . . Pick Up 44 | . 4 18 . 6 16 Fast Attach 15 | 6 . 1 1 1 6 Attach 14 | . . 2 . . 12 Detach . | . . . . . . Swap 40 | . . 10 . 5 25 Drop 24 | . . 5 . 9 10 Fire 118 | . . 52 7 9 50 Melee 40 | . . . . . 40 Ram . | . . . . . . Kick 4 | . 1 . . . 3 Crush 16 | . . 10 2 4 . Escape Stasis . | . . . . . . Rewire . | . . . . . . Trap . | . . . . . . Miscellaneous . | . . . . . . Route ------- -11/Scrapyard -10/Materials -10/Mines (discovered 3 exits: *Mat x2 / [*Sub]) -9/Materials -9/Mines (discovered 3 exits: *Mat x2 / *Zio) -7/Zion (discovered 1 exit: [*Pro]) History --------- Turn | Location | Event 12 | -11/Scrapyard | Discovered new exit (range 16) 63 | -11/Scrapyard | Entered Materials 160 | -10/Materials | Discovered new exit (range 16) 183 | -10/Materials | Entered Mines 212 | -10/Mines | Met a Derelict who couldn't figure out how to use a Trap Extractor 321 | -10/Mines | Build established: Mutant 358 | -10/Mines | Met a Derelict shopkeep closing up shop 546 | -10/Mines | Met a Derelict testing a Signal Generator 571 | -10/Mines | Found Signal Generator 795 | -10/Mines | Excavation squad dispatched 795 | -10/Mines | A large section of the Mines collapsed 1045 | -10/Mines | Excavation squad dispatched 1295 | -10/Mines | Excavation squad dispatched 1514 | -10/Mines | Discovered new exit (range 3) 2145 | -10/Mines | Identified exit to Materials 2263 | -10/Mines | A weapon hastily lodged in a ceiling crevice suddenly fell to the ground 2475 | -10/Mines | Discovered new exit (range 15) 2633 | -10/Mines | Entered Materials 2633 | -9/Materials | Evolved 2 slots: Utility x2 2758 | -9/Materials | Discovered new exit (range 16) 2837 | -9/Materials | Entered Mines 2939 | -9/Mines | Learned location of Storage (-8) 3193 | -9/Mines | Identified exit to Materials 3324 | -9/Mines | Discovered exit to Materials (range 10) 3412 | -9/Mines | Learned location of Zion (-7) 3504 | -9/Mines | Joined a pair of Derelicts in attacking an 0b10 outpost 3644 | -9/Mines | Found a hidden stash of uninstalled traps 3884 | -9/Mines | A Derelict revealed a hidden shortcut to a safe place 3907 | -9/Mines | Entered Zion 4052 | -7/Zion | Discovered new exit (range 16) 4800 | -7/Zion | Learned 12 Factory zone layouts 4996 | -7/Zion | Given A8's code to call for help 5127 | -7/Zion | Found Prototype Special Weapon 5131 | -7/Zion | Found Prototype Special Weapon 5131 | -7/Zion | Identified RU-N14's Throwing Claymores (x2) 6796 | -7/Zion | Found RU-N14's Throwing Claymores 6800 | -7/Zion | Found RU-N14's Throwing Claymores 7095 | -7/Zion | Found Prototype Launcher 7255 | -7/Zion | Identified Rocket Array 8001 | -7/Zion | Met Imprinter 8073 | -7/Zion | Attacked by Zionites 8099 | -7/Zion | Destroyed Imprinter 8135 | -7/Zion | Extracted access codes from Imprinter's data core 8154 | -7/Zion | Lost 3 parts (1p2u) 8283 | -7/Zion | Lost 4 parts (2n1u1w) 8594 | -7/Zion | Core integrity fell below 50% 8701 | -7/Zion | Core integrity fell below 20% 8724 | -7/Zion | Lost 4 parts (2n1u1w) 8788 | -7/Zion | Destroyed by 10-KWY(z) with Makeshift Axe Last Messages --------------- 08693_ Mak. Salvage Targeting Computer destroyed. 08693_ Mak. Leg destroyed. 08694_ 2T-MXL(z) destroyed. 08709_ Adv. Terrain Scan Processor melted. 08709_ F8-OBW(z) destroyed. 08712_ Acquired 25 matter. 08720_ Acquired Mak. Trap Scanner. 08734_ Acquired Mak. Axe. 08739_ EK4E 08784_ Imp. Titanium Leg severed. 08788_ I1-UVN(z) heat spikes uncontrollably. Map ----- +----------------------------------------------------+ | ???#??????#?#"####?#""" "#"""#???#"##""#####""#""" | | ????????"?????"""### "##??###"""""""#"""""" | | ?????"?????#??#""""#""" "####""" ""#""""""" | | ???????????? ?" X""#""" ###"""""" """ | | ???????X??X ??# """"" ####" "" """ | | ???????#?????## """"" " " """ "" | | ?????? "?????" # "" | | ???????? ?"??" "" # "" " | | ?????? ??##### """""" "" " """ " | | ?"???????#"" """""""""" " " "" """" | | ????? ???##""#"""##"###" """" | | ??????????##"########?#" """ | | ????"?"????###???##??#"""" """ """ | | ?????????#?????#??#?#"#"" """" """ | | ??????????#???##?#??### # """ "" | | ?????#???????#?#???#?#?## %# "" "" | | ????????#????#?#???????# c g " "" | | ??????????##??###???####" | | ????????????#??#??#?#"#""" | | ????????????#???????## = % | | ?????????????#????#?# * """"#" | | ?????????????#??##### """"""" | | ?????????????????##%#%!! """#"#"" | | ??????????????????# *=] == ""# " """""""" | | ??????????????????### = z """"" ""#### | | ??????????????#??#??#"" @ """ ""##??? | | ????????????????????#""" "" " ""#?##? | | ??????????????????#####" "" """"""?? | | ??????????????????#""#" = # ## "" """"""#? | | ?????????????????##"""" z # "" ""#? | | ??????????????????##"" " ""##? | | ????????????????#"#"" # " ""#"?? | | ?????????????????#"" """#??? | | ?????????????????##"" # ""##??? | | ??????????????#??#"""" ;# ## "##???? | | ?????????????????###"" "#"???? | | ?????????????????##"" "" """"#??? | | ?????????????????#"#" """#""#??? | | ?????????????????##"" ""##?#???? | | ????????????????##"" """##??##? | | ???????????????##"" """#?????? | | ????????????????##" """#?????? | | ????????????????#""" """" "#?#??#? | | ??????????????####""" """"" ""#?#???? | | ???????????????#?###" """" ""#?????? | | ?????????#?????####""" ""#"" "" """#?#???? | | ??????????###### #"""""""""#""" "" """"???#?# | | ?????????## ### ###""#""""#""""" "" """"?#???? | | ???????### ##########""""%[ " """##???## | | ########"#"" " "#/#"##""" ! = " ""###?#?## | +----------------------------------------------------+ Best States ------------- Heat Dissipation 48 Energy Generation 18 Energy Capacity 265 Matter Stores 300 Matter Capacity 300 Sight Range 16 Terrain Scan Range 14 Terrain Scan Density 135 Base Temperature (-) 100 Armor Coverage 150 Power Shielding 66 Evasion (%) 55 Melee Accuracy 5 Recoil Reduction 2 Salvage Targeting 4 Item Schematics ----------------- None Robot Schematics ------------------ None Fabricated ------------ Nothing Alien Tech Used ----------------- None Achievements -------------- None Challenges ------------ None Game ------ Seed TowerMolecularArmor Manual? 0 Play Time 00:29:45 Cumulative 175.1 hours Start 2024.08.31 @ 20:09:41 End 2024.08.31 @ 20:36:37 Sessions 1 Manual Loads 0 Difficulty Rogue Special Mode None Game No. 140 Rogue 140 Adventurer 0 Explorer 0 Win Type - Total 1 Types 0/0/0/1/0/0/0/0/0 Lore% 62 Gallery% 71 Achievement% 52 Wizard Run 0 Options --------- Layout 2 ASCII 0 Keyboard 1 Movement Vi Keybinds 0 Fullscreen 1 Font 32/SmallcapsGlow Map View 77x44 Zoom Use 0% Tactical HUD 1 Map Filters NONE Filters NONE Steam 1 RUN: 2b27f364-0b59-4941-8d8e-28e469511e86